 Dungeon Crawl Stone Soup version 0.32-a0-779-g362cfcae2a (webtiles) character file.

Game seed: 12241903822108599734

2 BigDaddyOpFi the Sneak (level 1, -2/18 HPs)
             Began as a Coglin Delver on Mar 19, 2024.
             Slain by a black bear (3 damage)
             ... on level 6 of the Dungeon.
             The game lasted 00:00:19 (44 turns).

BigDaddyOpFi the Sneak (Coglin Delver)                Turns: 44, Time: 00:00:20

Health: -2/18      AC:  3    Str: 12    XL:     1   Next: 30%
Magic:  1/1        EV: 11    Int:  9    God:
Gold:   0          SH:  0    Dex: 15    Spells: 0/0 levels left

rFire   . . .        a - +0 hand axe {Narong}
rCold   . . .        h - +0 dagger {Helmut}
rNeg    . . .        b - +0 leather armour
rPois   .            (no helmet)
rElec   .            (no cloak)
rCorr   .            (no gloves)
SInv    .            (no boots)
Will    .....        (amulet unavailable)
Stlth   ++           (ring unavailable)
HPRegen 0.23/turn    (ring unavailable)
MPRegen 0.07/turn    (no gizmo)

%: no passive effects
@: revved
A: off-hand wielding, slow wielding, warmup strikes, no jewellery
a: Invent Gizmo


You were on level 6 of the Dungeon.
You visited 1 branch of the dungeon, and saw 2 of its levels.

Inventory:

Hand Weapons
 a - a +0 hand axe (weapon) {Narong}
 h - a +0 dagger (offhand) {Helmut}
Armour
 b - a +0 leather armour (worn)
Wands
 g - a wand of digging (3)
Scrolls
 c - a scroll of fog
 d - a scroll of revelation
 e - a scroll of fear
Potions
 f - a potion of haste


   Skills:
 + Level 3.0 Fighting
 + Level 2.0 Axes
 + Level 1.8 Dodging
 + Level 4.1 Stealth


You couldn't memorise any spells.
You didn't know any spells.
Your spell library was empty.

Dungeon Overview and Level Annotations

Branches:
Dungeon (6/15)
 Temple: D:4-7

Altars:

Shops:
D:6 :

Annotations:
D:5 Dowan, Duvessa


Innate Abilities, Weirdness & Mutations

You can wield a second weapon in your off-hand.
It takes a long time for you to wield or remove held weapons.
Your first few attacks do less damage.
You cannot equip rings or amulets.


Message History

The orc misses you.
You hit the orc with your +0 dagger.
The orc is severely wounded.
You completely miss the orc with your +0 hand axe.
The orc barely misses you.
You hit the orc with your +0 dagger.
The orc is almost dead.
You hit the orc with your +0 hand axe.
You kill the orc!
Things that are here:
a +0 trident; an orc corpse
Found Nenyhate's Tiny Tomes.
A black bear comes into view.
The black bear growls angrily.
You hit the black bear but do no damage.
You hit the black bear with your +0 hand axe.
The black bear barely misses you. The black bear claws you.
The black bear closely misses you.
You hit the black bear with your +0 hand axe.
The black bear is moderately wounded.
You closely miss the black bear with your +0 dagger.
The black bear misses you. x2
The black bear claws you but does no damage.
You hit the black bear but do no damage.
The black bear is moderately wounded.
You hit the black bear with your +0 hand axe.
The black bear bites you but does no damage.
The black bear claws you. x2
You hit the black bear but do no damage.
The black bear is moderately wounded.
You hit the black bear with your +0 hand axe.
The black bear bites you! The black bear closely misses you.
The black bear claws you.
You hit the black bear with your +0 hand axe.
The black bear is heavily wounded.
You hit the black bear but do no damage.
The black bear bites you.
* * * LOW HITPOINT WARNING * * *
The black bear claws you.
You die...

#...# ##.#..#
####..## #.##..
###.#...## ###
#. #........# #
##.#...#.#
##.##.##.#
#######..##∩# .#
.........#### .#
......h@.# .#
.#######.......#
####...# ..# .


You could see a black bear.

Vanquished Creatures
  An orc (D:6)
1 creature vanquished.

Notes
Turn   | Place    | Note
-------+----------+-------------------------------------------
     0 | D:5      | BigDaddyOpFi the Coglin Delver began the quest for the Orb.
     0 | D:5      | Reached XP level 1. HP: 18/18 MP: 1/1
     7 | D:5      | Noticed Dowan
     9 | D:5      | Noticed Duvessa
    26 | D:6      | Found Nenyhate's Tiny Tomes.
    36 | D:6      | Noticed a black bear
    44 | D:6      | Slain by a black bear

Illustrated notes

Levels and vault maps discovered:
D:5:      layout_basic, minmay_temple_entry_ruins, uniq_duvessa
D:6:      layout_cave_pods, old_standard_altar, minitemple, serial_park_tiny_1,
          nicolae_shop_i_like_small_books_too, uniq_menkaure

Action                     || total
---------------------------++-------
  Melee: Dagger            ||     8
         Hand axe          ||     8
 Armour: Leather armour    ||     9
  Dodge: Dodged            ||     8

Table legend: (Time is in decaauts)
 A = Elapsed time spent in this place.
 B = Non-inter-level travel time spent in this place.
 C = Inter-level travel time spent in this place.
 D = Time resting spent in this place.
 E = Time spent auto-exploring this place.
 F = Levels seen in this place.
 G = Mean time per level.
                   A        B        C        D        E       F      G
               +--------+--------+--------+--------+--------+-----+--------+
         Total |     44 |     44 |      0 |      0 |      0 |   2 |   22.0 |
       Dungeon |     44 |     44 |      0 |      0 |      0 |   2 |   22.0 |
               +--------+--------+--------+--------+--------+-----+--------+

Top non-repeatable levels by time:
     D:6: 33 daAuts
     D:5: 11 daAuts
